 Dungeon Crawl Stone Soup version 0.29.0-11-gd7f09526c8 (webtiles) character file.

Game seed: 6457831070402886074

76 Arcadio the Grave Robber (level 4, 0/24 HPs)
             Began as a Vampire Necromancer on Sept 3, 2022.
             Slain by a goblin
             ... wielding a +0 dagger
             ... led by Robin
              (1 damage)
             ... on level 2 of the Dungeon.
             The game lasted 00:10:46 (2367 turns).

Arcadio the Grave Robber (Vampire Necromancer)      Turns: 2367, Time: 00:10:47

Health: 0/24       AC:  2    Str:  7    XL:     4   Next: 12%
Magic:  0/8        EV: 12    Int: 19    God:
Gold:   110        SH:  0    Dex: 14    Spells: 4/8 levels left

rFire   . . .      SeeInvis +   e - +0 dagger
rCold   . . .      Faith    .   (no shield)
rNeg    . . .      Spirit   .   a - +0 robe
rPois   .          Reflect  .   (no helmet)
rElec   .          Harm     .   (no cloak)
rCorr   .          Rampage  .   (no gloves)
Will    .....                   (no boots)
Stlth   +++.......              (no amulet)
HPRegen 0.28/turn               (no ring)
MPRegen 0.11/turn               (no ring)

@: healing quickly
A: alive, fangs 3, see invisible, vampiric 2, [frail 2]
a: Exsanguinate


You were on level 2 of the Dungeon.
You visited 1 branch of the dungeon, and saw 2 of its levels.

You collected 110 gold pieces.

Inventory:

Hand Weapons
 c - a +0 club
 e - a +0 dagger (weapon)
Armour
 a - a +0 robe (worn)
Scrolls
 d - a scroll of teleportation {unknown}
 h - a scroll of summoning {unknown}
Potions
 b - a potion of magic
 f - a potion of resistance
 g - a potion of invisibility
 i - a potion of berserk rage {unknown}


   Skills:
 - Level 2.1 Dodging
 + Level 4.6 Stealth
 + Level 2.8 Spellcasting
 + Level 5.1 Necromancy


You had 4 spell levels left.
You knew the following spells:

 Your Spells              Type           Power      Damage    Failure   Level
a - Necrotise             Necr           88%        1d8       1%          1
b - Vampiric Draining     Necr           22%        2d7       6%          3

Your spell library contained the following spells:

 Spells                   Type           Power      Damage    Failure   Level
 Animate Dead             Necr           22%        N/A       19%         4
 Passage of Golubria      Tloc           2%         N/A       83%         4
 Agony                    Necr           22%        N/A       47%         5
 Silence                  Hex/Air        1%         N/A       99%         5
 Lehudib's Crystal Spear  Conj/Erth      1%         10d2      100%        8


Dungeon Overview and Level Annotations

Branches:
Dungeon (2/15) Zot: 9631

Altars:

Annotations:
D:2 Robin


Innate Abilities, Weirdness & Mutations

Your natural rate of healing is accelerated.
You have razor-sharp teeth.
You have supernaturally acute eyesight. (SInv)
You are afflicted with vampirism and can become a bat while bloodless.
[You are very frail. (-20% HP)]


Message History

The goblin hits you with a +0 dagger.
You continue your ritual.
The goblin misses you.
You continue your ritual.
The goblin closely misses you.
You continue your ritual.
The goblin no longer looks unusually strong. x2
The goblin barely misses you. Robin throws the goblin at you!
You return to life.
You feel frail.
Casting: Necrotise (safe; 1% risk of failure)
Confirm with . or Enter, or press ? or * to list all spells.
Aiming: Necrotise (safe; 1% risk of failure)
Press: ? - help, Shift-Dir - straight line, f/p - goblin
Aim: a goblin, wielding a +0 sling (chance to affect: 91%)
The goblin writhes in agony.
The goblin no longer looks unusually strong.
The goblin unwields a +0 sling.
The goblin wields a +0 dagger.
The goblin closely misses you. The goblin hits you with a +0 dagger.
Robin roars a battlecry!
The goblins go into a battle-frenzy!
Casting: Necrotise (safe; 1% risk of failure)
Confirm with . or Enter, or press ? or * to list all spells.
You don't have enough magic to cast this spell.
Unknown command.
Casting: Necrotise (safe; 1% risk of failure)
Confirm with . or Enter, or press ? or * to list all spells.
You don't have enough magic to cast this spell.
Unknown command.
You completely miss the goblin.
The goblin is severely wounded.
The goblin hits you with a +0 dagger.
* * * LOW HITPOINT WARNING * * *
The goblin hits you with a +0 dagger.
* * * LOW HITPOINT WARNING * * *
Unknown command.
You barely miss the goblin.
The goblin is severely wounded.
The goblin hits you with a +0 dagger.
You die...

################################
#...............................
#.#############.................
#.# #........#.###############.
#.# #.#.#....#.# #. #.#
#.#......#g# #. #.# #.#.#...<#@#
##. #.# #.####.#.#g##### ###..
#.# ##......#.#gS...# #....
##.###.........#g.g..# #####....
#....'.........#.....# #........
######.........#.....# #.####...
#.........#.....# #...
#.........#..)..# #...
###########....)# #...


You could see Robin, an adder, a hobgoblin (strong) and 3 goblins.

Vanquished Creatures
  3 adders (D:2)
  3 bats (D:1)
  3 endoplasms
  A giant cockroach (D:2)
  8 goblins
  3 hobgoblins
  2 jackals (D:2)
  3 kobolds
  6 quokkas
  2 ball pythons (D:1)
  2 frilled lizards (D:1)
  4 rats
40 creatures vanquished.

Vanquished Creatures (collateral kills)
  An endoplasm (D:1)
  A jackal (D:2)
  A goblin (D:2)
3 creatures vanquished.

Grand Total: 43 creatures vanquished

Notes
Turn   | Place    | Note
-------+----------+-------------------------------------------
     0 | D:1      | Arcadio the Vampire Necromancer began the quest for the
                  | Orb.
     0 | D:1      | Reached XP level 1. HP: 13/13 MP: 3/3
     2 | D:1      | Noticed a palentonga
     2 | D:1      | Noticed an octopode
     4 | D:1      | Noticed an ogre
     4 | D:1      | Noticed a demonspawn
     6 | D:1      | Noticed a felid
     8 | D:1      | Noticed a meteoran
     8 | D:1      | Noticed a troll
    10 | D:1      | Noticed an elf
    12 | D:1      | Noticed a draconian
    12 | D:1      | Noticed a naga
    14 | D:1      | Noticed a merfolk
    14 | D:1      | Noticed a ghoul
    16 | D:1      | Noticed a demigod
    16 | D:1      | Noticed a vampire
    18 | D:1      | Noticed a gargoyle
    18 | D:1      | Noticed a minotaur
    20 | D:1      | Noticed a human
    22 | D:1      | Noticed a spriggan
    22 | D:1      | Noticed a vine stalker
    24 | D:1      | Noticed a formicid
    24 | D:1      | Noticed a vine stalker
    26 | D:1      | Noticed a human
    26 | D:1      | Noticed an ogre
   498 | D:1      | Reached XP level 2. HP: 13/13 MP: 1/5
  1275 | D:2      | Gained mutation: You are afflicted with vampirism and can
                  | become a bat while bloodless. [Vampire growth]
  1275 | D:2      | Reached XP level 3. HP: 16/16 MP: 6/6
  1284 | D:2      | Learned a level 3 spell: Vampiric Draining
  1901 | D:2      | Reached skill level 5 in Necromancy
  2172 | D:2      | Reached XP level 4. HP: 21/21 MP: 6/8
  2340 | D:2      | Noticed Robin
  2366 | D:2      | HP: 1/24 [goblin/+0 dagger[Robin] (2)]
  2367 | D:2      | Slain by a goblin

Illustrated notes

Levels and vault maps discovered:
D:1:      kb_arrival_jail, layout_basic
D:2:      layout_basic, serial_curves, eino_curves_01, eino_curves_02,
          uniq_robin

Skill      XL: |  1  2  3 |
---------------+----------+-----
Stealth        | 4 |  4.6
Necromancy     | 5 |  5.1
Dodging        | |  2.1
Spellcasting   | |  2.8

Action                   |  1- 3 |  4- 6 || total
-------------------------+-------+-------++-------
Melee: Club              |     6 |       ||     6
       Dagger            |     9 |     2 ||    11
       Bite              |     2 |       ||     2
 Cast: Necrotise         |    58 |    12 ||    70
 Abil: Exsanguinate      |     2 |       ||     2
       Revivify          |     1 |     1 ||     2
  Use: Scroll            |     2 |       ||     2
 Stab: Sleeping          |     3 |       ||     3
Armor: Robe              |     2 |     3 ||     5
Dodge: Dodged            |    17 |    10 ||    27
